Map: Cyber Forest LE

Players

Astrea - Winner!

  • Race: Protoss Protoss
  • Spawn Location: 5:00

Vanya

  • Race: Zerg Zerg
  • Spawn Location: 11:00

Event: 2019 WCS Summer

VOD

Have the link to the VOD?

Description

Time

  • Played on: July 12, 2019, 1:24 p.m.
  • Length: 4:30

All games in this series

Show
View Real Time Build Order
Export as new Build Order

Astrea Protoss - Winner!

Build Orders: 1 Gate Expand 

Get SALT Encoding   

  12  0:00  Probe  
  13  0:13  Probe  
  14  0:18  Pylon  
  14  0:24  Probe  
  15  0:32  Probe  
  15  0:39  Gateway  
  15  0:40  Probe  
  17  0:51  Probe  
  17  0:54  Assimilator  
  18  1:03  Probe  
  19  1:15  Probe  
  20  1:26  Nexus  
  20  1:36  Cybernetics Core  
  20  1:39  Probe  
  21  1:46  Assimilator  
  21  1:51  Probe  
  22  1:54  Pylon  
  22  2:03  Probe  
  22  2:04  Adept  
  25  2:15  Probe  
  25  2:18  Robotics Facility  
  26  2:24  Adept  
  26  2:26  Warp Gate  
  26  2:28  Probe  
  27  2:34  Probe  
  29  2:40  Probe  
  29  2:42  Probe  
  32  2:52  Probe x2  
  32  2:56  Stalker  
  36  3:04  Probe x2  
  38  3:06  Warp Prism  
  40  3:15  Pylon  
  40  3:16  Probe  
  41  3:22  Probe  
  44  3:33  Immortal  
  46  3:38  Pylon  
  46  3:40  Shield Battery, Pylon  
  40  3:42  Sentry, Shield Battery  
  46  3:54  Shield Battery  
  46  3:59  Pylon x2  
  46  4:03  Shield Battery  
  46  4:13  Pylon  
  46  4:20  Sentry  
Show
View Real Time Build Order
Export as new Build Order

Vanya Zerg 

Build Orders: Hatch First 

Get SALT Encoding   

  12  0:00  Drone  
  13  0:12  Overlord  
  13  0:16  Drone  
  14  0:30  Drone  
  15  0:45  Drone  
  16  0:53  Drone, Hatchery  
  16  0:56  Drone  
  17  1:07  Extractor  
  16  1:13  Spawning Pool  
  16  1:16  Drone  
  16  1:19  Drone  
  16  1:23  Drone  
  18  1:29  Drone  
  19  1:46  Drone  
  20  1:53  Hatchery  
  19  1:57  Drone  
  20  2:06  Queen  
  22  2:13  Metabolic Boost  
  22  2:19  Zergling x2  
  22  2:20  Zergling x2  
  24  2:32  Roach Warren  
  24  2:37  Drone  
  24  2:47  Overlord  
  24  3:13  Roach  
  24  3:14  Roach x5  
  36  3:22  Zergling x6, Roach  
  40  3:30  Spore Crawler  
  40  3:32  Spore Crawler  
  38  3:37  Zergling x2  
  41  3:42  Zergling x2, Overlord  
  42  3:49  Overlord  
  42  3:56  Overlord x2  
  42  4:09  Zergling x6, Roach  
  45  4:11  Zergling x6  
  45  4:23  Ravager  
Tags
 
Add a new tag
Caveats
  • Supply blocks, unpowered buildings, or Contaminate may cause inaccurate times.
  • Supply counts are checked every 10 seconds.